 Dungeon Crawl Stone Soup version 0.26-a0-651-gb41185065b (webtiles) character file.

Game seed: 18186889179026252882

491 Flugslaktarn the Chopper (level 6, -19/58 HPs)
             Began as a Deep Dwarf Fighter on Oct 26, 2020.
             Demolished by a two-headed ogre
             ... wielding a +0 giant spiked club
              (20 damage)
             ... on level 5 of the Dungeon.
             The game lasted 00:01:03 (1084 turns).

Flugslaktarn the Chopper (Deep Dwarf Fighter)       Turns: 1084, Time: 00:01:04

Health: -19/58     AC:  9    Str: 19    XL:     6   Next: 91%
Magic:  2/2        EV:  6    Int:  9    God:
Gold:   180        SH:  9    Dex: 14    Spells: 5/5 levels left

rFire    . . .     SeeInvis .   a - +0 war axe
rCold    . . .     Faith    .   c - +0 kite shield
rNeg     . . .     Spirit   .   p - +0 chain mail
rPois    .         Reflect  .   (no helmet)
rElec    .         Harm     .   (no cloak)
rCorr    .         Rampage  .   (no gloves)
MR       .....                  (no boots)
Stlth    ..........             (no amulet)
HPRegen  0.00/turn              (no ring)
MPRegen  0.08/turn              (no ring)

@: mighty, non-regenerating
A: damage resistance, heal wounds, sense surroundings 1, no regeneration
a: Heal Wounds


You were on level 5 of the Dungeon.
You visited 1 branch of the dungeon, and saw 5 of its levels.

You collected 180 gold pieces.

Inventory:

Hand Weapons
 a - a +0 war axe (weapon)
Armour
 b - a +0 scale mail
 c - a +0 kite shield (worn)
 p - a +0 chain mail (worn)
   (You took it off a gnoll on level 4 of the Dungeon)
Jewellery
 f - an uncursed ring of poison resistance {unknown}
   (You found it on level 2 of the Dungeon)
 q - a +6 ring of intelligence {unknown}
   (You found it on level 5 of the Dungeon)
Wands
 h - a wand of iceblast (9)
   (You took it off Ijyb on level 3 of the Dungeon)
 i - a wand of enslavement (15)
   (You took it off a hobgoblin on level 3 of the Dungeon)
Scrolls
 e - 2 scrolls of identify {unknown}
 g - a scroll of random uselessness {unknown}
 l - a scroll of remove curse {unknown}
 r - a scroll of silence {unknown}
Potions
 j - a potion of cancellation {unknown}
 k - a potion of invisibility {unknown}
 m - a potion of brilliance {unknown}
 n - a potion of curing {unknown}
 o - a potion of resistance {unknown}


   Skills:
 * Level 4.6 Fighting
 * Level 5.0 Axes
 + Level 4.6 Armour
 + Level 1.3 Dodging
 - Level 4.3 Shields


You had 5 spell levels left.
You didn't know any spells.
Your spell library was empty.

Dungeon Overview and Level Annotations

Branches:
Dungeon (5/15)
 Temple: D:4-7

Altars:
Elyvilon
Ru
Xom

Shops:
D:4 *

Annotations:
D:4 exclusion: goblin
D:5 3 runed translucent doors, arkorax's ghost, amateur BaFi


Innate Abilities, Weirdness & Mutations

You are resistant to damage.
You can heal yourself by infusing magical energy.
You passively map a small area around you.
You do not regenerate.


Message History

You block the two-headed ogre's attack.
Your chain mail prevents you from hitting the two-headed ogre.
The two-headed ogre is severely wounded.
You block the two-headed ogre's attack.
The two-headed ogre hits you with a +0 giant spiked club.
You hit the two-headed ogre.
The two-headed ogre is severely wounded.
You block the two-headed ogre's attack. The two-headed ogre barely misses you.
You hit the two-headed ogre but do no damage.
The two-headed ogre is severely wounded.
The two-headed ogre barely misses you.
The two-headed ogre hits you with a +0 giant spiked club!
* * * LOW HITPOINT WARNING * * *
You fail to use your ability.
The two-headed ogre barely misses you.
The two-headed ogre hits you with a +0 giant spiked club.
* * * LOW HITPOINT WARNING * * *
You slash the two-headed ogre!
The two-headed ogre is almost dead.
The two-headed ogre hits you with a +0 giant spiked club!!
You die...

, #.# # , * * , #.##### *
*#### ##.##... * , ,..##
##...#.## #O(# ###....#.##
* ,, #.## #......#.##
####a######....>##.##
##.#O##...............
##.#.#@####>#.....[.... ,
*#.#########.#..........
#..##.#.#.#..#.#.#..#.....
#...........#.#..........
###########.#.###..###.##
#.##.#.###..###.##
#.##..............
#...........#.####
#############.....


You could see a two-headed ogre.

Vanquished Creatures
  A phantom (D:4)
  Blork the orc (D:4)
  2 scorpions
  A bullfrog skeleton (D:4)
  Jessica (D:3)
  Ijyb (D:3)
  An iguana (D:4)
  2 worker ants (D:4)
  4 gnolls (D:4)
  An adder (D:3)
  A white imp (D:2)
  A worm (D:4)
  10 orcs
  A giant cockroach (D:4)
  3 goblins
  4 hobgoblins
  A kobold (D:2)
  A frilled lizard (D:4)
37 creatures vanquished.

Vanquished Creatures (others)
  A fungus (D:5)
  3 plants (D:5)
4 creatures vanquished.

Grand Total: 41 creatures vanquished

Notes
Turn   | Place    | Note
-------+----------+-------------------------------------------
     0 | D:1      | Flugslaktarn the Deep Dwarf Fighter began the quest for the
                  | Orb.
     0 | D:1      | Reached XP level 1. HP: 20/20 MP: 1/1
    35 | D:2      | Reached XP level 2. HP: 6/27 MP: 2/2
   171 | D:3      | Reached XP level 3. HP: 12/34 MP: 3/3
   194 | D:3      | Noticed Ijyb
   209 | D:3      | Killed Ijyb
   209 | D:3      | Reached skill level 3 in Axes
   344 | D:3      | Noticed Jessica
   348 | D:3      | Killed Jessica
   348 | D:3      | Reached XP level 4. HP: 41/42 MP: 4/4
   357 | D:4      | Found Fowif's General Store.
   359 | D:4      | Noticed Blork the orc
   373 | D:4      | Killed Blork the orc
   373 | D:4      | Reached XP level 5. HP: 22/50 MP: 5/5
   399 | D:4      | Reached skill level 4 in Axes
   470 | D:4      | Reached XP level 6. HP: 31/57 MP: 5/5
   551 | D:4      | Reached skill level 1 in Dodging
   688 | D:4      | Found a white marble altar of Elyvilon.
   689 | D:4      | Found a shimmering altar of Xom.
   703 | D:4      | Found a sacrificial altar of Ru.
   937 | D:5      | Entered Level 5 of the Dungeon
   943 | D:5      | Reached skill level 5 in Axes
   957 | D:5      | Found a runed translucent gate.
   958 | D:5      | Found a runed translucent gate.
   958 | D:5      | Found a runed translucent gate.
   958 | D:5      | Noticed arkorax's ghost (amateur BaFi)
   959 | D:5      | Identified the +7 dagger "Loepup" {drain, Dex+3}
  1067 | D:5      | Noticed a two-headed ogre
  1083 | D:5      | HP: 1/58 [two-headed ogre/+0 giant spiked club (3)]
  1084 | D:5      | Demolished by a two-headed ogre

Illustrated notes

Levels and vault maps discovered:
D:1:      dpeg_arrival_fog, layout_rooms
D:2:      layout_basic, uniq_terence
D:3:      layout_basic, grunt_temple_overflow_order_and_chaos_2,
          dk_noncrumbling_4, uniq_ijyb, uniq_jessica
D:4:      layout_rooms, nicolae_ru_sacrificial_ziggurat,
          chequers_temple_overflow_statue_of_worship, serial_shops,
          nicolae_shop_stone, minmay_goblin_outpost, uniq_blork_the_orc
D:5:      layout_loops_ring, temple_statues, basic_altar,
          gammafunk_ghost_nasty_kobolds, solitary_fountain, minmay_small_thing

Skill      XL: |  1  2  3  4  5  6 |
---------------+-------------------+-----
Fighting       | 3 4 |  4.6
Axes           | 3 4 5 |  5.0
Shields        | 4 |  4.3
Armour         | 4 |  4.6
Dodging        | 1 |  1.3

Action                   |  1- 3 |  4- 6 || total
-------------------------+-------+-------++-------
Melee: War axe           |    50 |    99 ||   149
 Abil: Heal Wounds       |     2 |     5 ||     7
  Use: Potion            |       |     1 ||     1
Armor: Scale mail        |    26 |    31 ||    57
       Chain mail        |       |     3 ||     3
Dodge: Dodged            |    22 |    39 ||    61
Block: Kite shield       |    34 |    74 ||   108

Table legend: (Time is in decaauts)
 A = Elapsed time spent in this place.
 B = Non-inter-level travel time spent in this place.
 C = Inter-level travel time spent in this place.
 D = Time resting spent in this place.
 E = Time spent auto-exploring this place.
 F = Levels seen in this place.
 G = Mean time per level.
                   A        B        C        D        E       F      G
               +--------+--------+--------+--------+--------+-----+--------+
         Total |   1141 |   1069 |     72 |      0 |    729 |   5 |  228.2 |
       Dungeon |   1141 |   1069 |     72 |      0 |    729 |   5 |  228.2 |
               +--------+--------+--------+--------+--------+-----+--------+

Top non-repeatable levels by time:
     D:4: 617 daAuts
     D:3: 208 daAuts
     D:5: 150 daAuts
     D:2: 132 daAuts
     D:1: 31 daAuts
